Map: Inside and Out

Players

Rengen - Winner!

  • Race: Protoss Protoss
  • Spawn Location: 7:00

BeNeFiT

  • Race: Protoss Protoss
  • Spawn Location: 1:00

Event: DreamHack SC2 Masters 2022 Atlanta (Offline)

VOD

Have the link to the VOD?

Description

Time

  • Played on: Nov. 18, 2022, 2:09 p.m.
  • Length: 8:28

All games in this series

Show
View Real Time Build Order
Export as new Build Order

Rengen Protoss - Winner!

Build Orders: Phoenix Opening 

Get SALT Encoding   

  12  0:00  Probe  
  13  0:12  Probe  
  14  0:18  Pylon  
  14  0:24  Probe  
  15  0:36  Probe (Chrono Boost)  
  15  0:38  Gateway  
  16  0:46  Probe (Chrono Boost)  
  16  0:47  Assimilator  
  17  0:51  Probe (Chrono Boost)  
  18  1:03  Probe  
  19  1:04  Assimilator  
  19  1:06  Pylon  
  19  1:15  Probe  
  20  1:27  Cybernetics Core  
  20  1:30  Probe (Chrono Boost)  
  23  1:32  Zealot  
  23  1:42  Probe (Chrono Boost)  
  23  1:46  Probe (Chrono Boost)  
  25  2:08  Stargate  
  25  2:10  Stalker (Chrono Boost)  
  25  2:14  Probe  
  28  2:17  Pylon  
  28  2:26  Probe  
  29  2:35  Warp Gate  
  28  2:39  Stalker  
  30  2:45  Probe  
  31  2:53  Phoenix  
  31  2:57  Probe  
  34  3:00  Pylon  
  34  3:09  Shield Battery  
  34  3:16  Pylon  
  34  3:18  Phoenix (Chrono Boost)  
  36  3:35  Nexus  
  36  3:38  Phoenix  
  36  3:40  Probe  
  39  3:51  Pylon  
  39  3:53  Probe  
  40  4:07  Probe  
  40  4:08  Phoenix  
  41  4:24  Probe  
  42  4:34  Stalker  
  44  4:38  Probe  
  43  4:49  Probe (Chrono Boost)  
  43  4:50  Shield Battery  
  43  4:51  Probe (Chrono Boost)  
  42  5:00  Probe (Chrono Boost)  
  42  5:01  Twilight Council, Probe (Chrono Boost)  
  42  5:02  Sentry  
  42  5:04  Probe (Chrono Boost)  
  42  5:05  Probe (Chrono Boost)  
  46  5:15  Probe  
  46  5:17  Probe  
  48  5:28  Probe  
  49  5:29  Probe, Blink (Chrono Boost)  
  50  5:36  Gateway  
  50  5:40  Probe, Gateway  
  50  5:41  Probe  
  52  5:52  Probe, Gateway  
  52  5:53  Probe, Gateway  
  52  5:55  Stalker  
  56  5:59  Pylon  
  56  6:01  Robotics Facility  
  56  6:05  Probe  
  56  6:07  Probe  
  59  6:20  Stalker  
  59  6:24  Gateway  
  62  6:31  Stalker, Pylon  
  62  6:32  Pylon  
  62  6:38  Pylon  
  62  6:40  Stalker  
  62  6:45  Stalker  
  66  6:48  Observer  
  67  6:54  Stalker x2  
  67  6:55  Pylon  
  71  7:02  Stalker  
  71  7:06  Stalker  
  75  7:11  Pylon  
  75  7:14  Gateway  
  75  7:16  Pylon  
  75  7:17  Stalker  
  75  7:18  Stalker, Pylon  
  79  7:30  Stalker x2  
  77  7:42  Stalker  
  79  7:45  Assimilator  
  79  7:53  Stalker  
  79  8:03  Probe  
  80  8:06  Nexus  
  80  8:10  Stalker  
  80  8:11  Stalker  
Show
View Real Time Build Order
Export as new Build Order

BeNeFiT Protoss 

Build Orders: Oracle Opening 

Get SALT Encoding   

  12  0:00  Probe  
  13  0:12  Probe  
  14  0:21  Pylon  
  14  0:24  Probe  
  15  0:39  Gateway, Probe (Chrono Boost)  
  16  0:49  Probe (Chrono Boost), Assimilator  
  17  0:54  Probe (Chrono Boost)  
  18  1:06  Probe  
  19  1:12  Pylon  
  19  1:13  Assimilator  
  19  1:18  Probe (Chrono Boost)  
  20  1:26  Cybernetics Core  
  20  1:30  Probe (Chrono Boost)  
  21  1:34  Zealot  
  21  1:37  Probe (Chrono Boost)  
  24  1:44  Probe  
  25  1:56  Probe  
  25  2:00  Pylon  
  26  2:05  Stargate  
  26  2:08  Probe  
  26  2:10  Adept (Chrono Boost)  
  29  2:25  Warp Gate  
  29  2:28  Cybernetics Core  
  29  2:33  Probe  
  30  2:53  Pylon  
  30  3:04  Nexus  
  30  3:08  Oracle (Chrono Boost)  
  30  3:10  Stalker  
  35  3:23  Probe  
  35  3:25  Shield Battery  
  34  3:30  Twilight Council  
  34  3:35  Probe  
  34  3:40  Stalker  
  37  3:47  Probe  
  38  3:52  Shield Battery  
  38  3:59  Probe  
  34  4:12  Probe  
  33  4:18  Shield Battery  
  33  4:22  Void Ray (Chrono Boost)  
  35  4:24  Shield Battery  
  35  4:26  Stalker  
  33  4:45  Stalker  
  33  4:46  Probe  
  33  4:47  Blink (Chrono Boost)  
  33  4:50  Probe  
  32  4:58  Probe  
  33  5:02  Probe  
  33  5:04  Gateway  
  34  5:11  Probe  
  35  5:14  Probe  
  35  5:17  Stalker  
  36  5:23  Probe  
  36  5:26  Probe  
  38  5:35  Gateway  
  39  5:38  Probe x2 (Chrono Boost)  
  40  5:49  Probe (Chrono Boost)  
  42  5:51  Probe (Chrono Boost)  
  42  5:53  Stalker  
  42  5:54  Probe (Chrono Boost)  
  45  5:59  Probe  
  46  6:04  Probe  
  47  6:11  Probe  
  47  6:17  Probe  
  49  6:23  Probe  
  50  6:26  Stalker  
  50  6:27  Nexus  
  50  6:29  Probe  
  50  6:31  Pylon  
  53  6:35  Probe  
  53  6:37  Pylon  
  53  6:39  Assimilator  
  52  6:41  Probe  
  53  6:49  Probe  
  53  6:53  Stalker  
  53  6:54  Stalker x2  
  58  6:55  Probe  
  61  7:02  Probe  
  61  7:06  Forge  
  61  7:07  Probe  
  63  7:08  Robotics Facility  
  63  7:14  Probe  
  64  7:21  Shield Battery  
  64  7:22  Probe  
  65  7:26  Pylon  
  65  7:31  Probe  
  65  7:32  Pylon  
  65  7:33  Stalker  
  59  7:41  Stalker  
  59  7:43  Stalker  
  62  7:45  Probe  
  62  7:47  Gateway  
  56  8:03  Stalker  
  47  8:08  Stalker x2  
Tags
 
Add a new tag
Caveats
  • Supply blocks, unpowered buildings, or Contaminate may cause inaccurate times.
  • Supply counts are checked every 10 seconds.